 Dungeon Crawl Stone Soup version 0.27-a0-522-g46bbb28828 (webtiles) character file.

Game seed: 14296094245677101717

2156 tilp the Transmogrifier (level 9, -1/51 (58) HPs)
             Began as an Octopode Transmuter on Mar 4, 2021.
             Was an Initiate of Okawaru.
             Slain by a wight
             ... wielding a +4 spear
              (9 damage)
             ... on level 7 of the Dungeon.
             The game lasted 00:16:48 (5631 turns).

tilp the Transmogrifier (Octopode Transmuter)       Turns: 5631, Time: 00:16:48

HP:   -1/51 (58)    AC:  1    Str: 10    XL:     9   Next: 31%
MP:   13/15         EV: 13    Int: 24    God:    Okawaru [......]
Gold: 1331          SH:  0    Dex: 12    Spells: 4/16 levels left

rFire    . . .     SeeInvis .     - Unarmed
rCold    + . .     Faith    .   (no shield)
rNeg     . . .     Spirit   .   (helmet currently unavailable)
rPois    .         Reflect  .   d - amulet of regeneration
rElec    .         Harm     .   l - ring of resist corrosion
rCorr    +         Rampage  .   o - +6 ring of intelligence
Will     .....                  s - ring of flight
Stlth    +++.......             v - ring of protection from cold
HPRegen  1.17/turn              (no ring)
MPRegen  0.14/turn              (no ring)
                                (no ring)
                                (no ring)

@: appendages, wereblooded, heavily drained
A: almost no armour, amphibious, 8 rings, constrict 8, tentacle spike 3,
camouflage 1, gelatinous body 1, nimble swimmer 1
a: End Transformation, Renounce Religion, Evoke Flight


You were on level 7 of the Dungeon.
You worshipped Okawaru.
Okawaru was noncommittal.
One of your tentacles had a temporary spike.
You visited 2 branches of the dungeon, and saw 8 of its levels.

You collected 1331 gold pieces.

Inventory:

Hand Weapons
 y - the +6 arbalest "Damnation" {damnation}
   (You acquired it on level 6 of the Dungeon)
Missiles
 a - 24 poisoned darts
 c - 21 boomerangs (quivered)
 h - a throwing net {!f}
 j - 3 javelins
Armour
 n - a +0 kite shield
Jewellery
 d - an amulet of regeneration (around mantle)
 l - a ring of resist corrosion (left tentacle)
 o - a +6 ring of intelligence (right tentacle)
 s - a ring of flight (on tentacle)
 v - a ring of protection from cold (on tentacle)
Wands
 B - a wand of digging (5)
Scrolls
 b - a scroll of random uselessness {unknown}
 e - a scroll of teleportation
 f - 2 scrolls of enchant armour
 i - a scroll of blinking {unknown}
 k - a scroll of noise {unknown}
 m - a scroll of immolation
 x - a scroll of silence {unknown}
 D - a scroll of fog {unknown}
 E - 5 scrolls of identify
Potions
 g - 2 potions of haste
 p - a potion of resistance
 q - a potion of attraction
 r - a potion of mutation
 t - a potion of cancellation
 u - 3 potions of berserk rage
 w - 3 potions of flight
 z - 4 potions of brilliance
 A - a potion of curing {unknown}
 C - a potion of might


   Skills:
 - Level 4.0 Fighting
 - Level 2.0 Dodging
 - Level 4.0 Stealth
 - Level 6.0 Unarmed Combat
 - Level 4.0 Spellcasting
 - Level 8.0 Transmutations
 - Level 2.0 Ice Magic
 - Level 2.0 Poison Magic
 + Level 3.1 Invocations


You had 4 spell levels left.
You knew the following spells:

 Your Spells              Type           Power        Failure   Level
a - Beastly Appendage     Tmut           86%          1%          1
b - Wereblood             Tmut           43%          1%          2
c - Spider Form           Tmut/Pois      14%          3%          3
d - Ice Form              Ice/Tmut       28%          12%         4
e - Corona                Hex            4%           10%         1
f - Apportation           Tloc           8%           10%         1

Your spell library contained the following spells:

 Spells                   Type           Power        Failure   Level
 Animate Skeleton         Necr           8%           10%         1
 Summon Small Mammal      Summ           16%          10%         1
 Blade Hands              Tmut           21%          10%         5


Dungeon Overview and Level Annotations

Branches:
Dungeon (7/15)             Temple (1/1) D:6

Altars:
Cheibriados
Dithmenos
Elyvilon
Fedhas
Hepliaklqana
Kikubaaqudgha
Makhleb
Nemelex Xobeh
Okawaru
Qazlal
Ru
Sif Muna
Trog
Uskayaw
Vehumet
Wu Jian
Xom
Yredelemnul
Zin
The Shining One

Annotations:
D:4 exclusion: statue
D:7 exclusions: black bear, 3 killer bees and quasit, Harold


Innate Abilities, Weirdness & Mutations

You cannot wear most types of armour.
You are amphibious.
You can wear up to eight rings at the same time.
You can use your tentacles to constrict eight enemies at once.
Your skin changes colour to match your surroundings (Stealth+).
Your rubbery body absorbs attacks. (AC +1, EV +1)
You are stealthy while swimming. (Stealth+)
One of your tentacles bears a large vicious spike.


Message History

The wight hits you from afar with a +4 spear!
The wight barely misses you.
Your Invocations skill increases to level 3!
Unknown command.
Casting: Wereblood (safe; 1% risk of failure)
Confirm with . or Enter, or press ? or * to list all spells.
One of your tentacles grows a vicious spike.
The wight hits you from afar with a +4 spear.
The wight barely misses you. The wight hits you with a +4 spear.
* * * LOW HITPOINT WARNING * * *
You feel drained.
* * * LOW HITPOINT WARNING * * *
The wight completely misses you.
Things that are here:
a +4 falchion; a +0 robe You closely miss the wight.
You grab the wight.
You pierce the wight.
You squeeze the wight, but do no damage.
The wight is moderately damaged.
You constrict the wight, but do no damage.
The wight hits you with a +4 spear.
* * * LOW HITPOINT WARNING * * *
You feel drained.
You tentacle-slap the wight.
You pierce the wight, but do no damage.
The wight is heavily damaged.
You constrict the wight, but do no damage.
The wight closely misses you. The wight hits you with a +4 spear.
* * * LOW HITPOINT WARNING * * *
You feel drained.
* * * LOW HITPOINT WARNING * * *
You tentacle-slap the wight.
The wight is severely damaged.
You constrict the wight, but do no damage.
The wight hits you with a +4 spear!
* * * LOW HITPOINT WARNING * * *
The wight barely misses you.
Unknown command.
You release your grip on the wight.
The wight hits you from afar with a +4 spear!
You die...

#+##†###########....##
........#.....#......#
........#.....#......#
........#.....#......#
........#.....#......#
........#.....#.>....#
........#.....#......#
....)...#.....#......#
#####..## #..##@##.##
..###..## ##..##)####
......... #....zz.#
#........ #.......#
#.........'.......#
#..<......#.......#
.<.)......#.......#
......... #/......#
.z.##.@## ####...##


You could see 2 wights.

Vanquished Creatures
  Sigmund (D:2)
  A black bear (D:7)
  2 ogres
  2 centaurs (D:6)
  A phantom (D:4)
  Blork the orc (D:4)
  2 bullfrogs (D:6)
  2 scorpions
  6 wights
  A howler monkey (D:4)
  A hound (D:5)
  2 bullfrog zombies
  3 orc priests (D:5)
  A gnoll shaman (D:4)
  2 bullfrog skeletons
  Jessica (D:2)
  3 iguanas
  2 orc wizards
  Natasha (thrice) (D:4)
  3 worker ants
  Robin (D:4)
  13 gnolls
  9 adders
  A shadow imp (D:5)
  A white imp (D:5)
  5 ufetubi
  An ooze (D:1)
  2 adder skeletons
  3 worms
  A dart slug (D:1)
  2 leopard geckos
  19 orcs
  A ball python (D:4)
  4 bats
  5 giant cockroaches
  16 goblins
  10 hobgoblins
  5 jackals
  2 kobolds
  A quokka (D:7)
  3 frilled lizards
  A leopard gecko skeleton (D:6)
  A quokka skeleton (D:6)
  5 rats
152 creatures vanquished.

Notes
Turn   | Place    | Note
-------+----------+-------------------------------------------
     0 | D:1      | tilp the Octopode Transmuter began the quest for the Orb.
     0 | D:1      | Reached XP level 1. HP: 13/13 MP: 3/3
   405 | D:1      | Reached XP level 2. HP: 15/18 MP: 3/5
   462 | D:1      | Learned a level 2 spell: Wereblood
  1019 | D:2      | Found a white marble altar of Elyvilon.
  1343 | D:2      | Reached XP level 3. HP: 23/23 MP: 3/6
  1383 | D:2      | Noticed Jessica
  1394 | D:2      | Killed Jessica
  1504 | D:2      | Noticed Sigmund
  1507 | D:2      | Reached XP level 4. HP: 29/29 MP: 5/7
  1524 | D:2      | Killed Sigmund
  1525 | D:2      | Reached XP level 5. HP: 22/36 MP: 8/8
  1617 | D:3      | Reached XP level 6. HP: 35/42 MP: 9/9
  1713 | D:3      | Learned a level 3 spell: Spider Form
  2080 | D:3      | Reached skill level 5 in Unarmed Combat
  2158 | D:3      | Found a hazy altar of Hepliaklqana.
  2236 | D:4      | Reached XP level 7. HP: 6/48 MP: 8/10
  2424 | D:4      | Reached skill level 1 in Poison Magic
  2436 | D:4      | Learned a level 1 spell: Corona
  2514 | D:4      | Noticed Natasha
  2524 | D:4      | Killed Natasha
  2582 | D:4      | Noticed Natasha
  2588 | D:4      | Killed Natasha
  2659 | D:4      | Identified the +0 helmet of the Farrier {rElec Str+3}
  2659 | D:4      | Noticed Robin
  2676 | D:4      | Killed Robin
  2713 | D:4      | Noticed Natasha
  2732 | D:4      | Killed Natasha
  2733 | D:4      | Reached skill level 3 in Transmutations
  2873 | D:4      | Found a radiant altar of Vehumet.
  3045 | D:4      | Noticed Blork the orc
  3162 | D:4      | Learned a level 4 spell: Ice Form
  3164 | D:4      | Learned a level 1 spell: Apportation
  3166 | D:5      | Entered Level 5 of the Dungeon
  3334 | D:5      | Reached XP level 8. HP: 43/54 MP: 13/13
  3576 | D:5      | Reached skill level 4 in Transmutations
  4146 | D:5      | Reached skill level 5 in Transmutations
  4234 | D:6      | Reached skill level 1 in Ice Magic
  4266 | D:6      | Identified the +7 flail "Hoigeam" {protect, Fragile rF+
                  | Str+2 Int+9}
  4331 | D:6      | Reached skill level 6 in Transmutations
  4465 | D:6      | Found a staircase to the Ecumenical Temple.
  4521 | D:6      | Reached skill level 7 in Transmutations
  4553 | Temple   | Entered the Ecumenical Temple
  4612 | Temple   | Became a worshipper of Warmaster Okawaru
  4707 | D:6      | Reached XP level 9. HP: 54/58 MP: 15/15
  4984 | D:6      | Found a basalt altar of Yredelemnul.
  5123 | D:6      | Identified 2 scrolls of acquirement
  5123 | D:6      | Acquired 1017 gold pieces
  5125 | D:6      | Acquired the +6 arbalest "Damnation" {damnation}
  5126 | D:6      | Found the +6 arbalest "Damnation" {damnation}
  5207 | D:4      | Killed Blork the orc
  5208 | D:4      | Reached skill level 8 in Transmutations
  5208 | D:4      | Reached skill level 1 in Invocations
  5477 | D:7      | Noticed Harold
  5631 | D:7      | Slain by a wight

Illustrated notes

Levels and vault maps discovered:
D:1:      wander_arrival_peaceful_grave, layout_loops_cross, dk_noncrumbling_3
D:2:      layout_basic, elyvilon_altar_1, uniq_sigmund, uniq_jessica
D:3:      layout_loops_ring, general_overflow_altar
D:4:      layout_gridville, vehumet_statue, uniq_natasha, uniq_robin,
          uniq_blork_the_orc
D:5:      minmay_opposing_rooms, layout_basic
D:6:      layout_gridville, kennysheep_mini, temple_doors_ab
D:7:      layout_gridville, marbit_many_paths, uniq_harold
Temple:   nicolae_temple_x_marks_the_god

Skill      XL: |  1  2  3  4  5  6  7  8  9 |
---------------+----------------------------+-----
Stealth        | 2 3 4 |  4.0
Fighting       | 3 4 |  4.0
Unarmed Combat | 4 5 6 |  6.0
Poison Magic   | 2 |  2.0
Transmutations | 3 7 8 |  8.0
Spellcasting   | 3 4 |  4.0
Ice Magic      | 2 |  2.0
Invocations    | 3 |  3.1
Dodging        | |  2.0

Action                   |  1- 3 |  4- 6 |  7- 9 || total
-------------------------+-------+-------+-------++-------
Melee: Unarmed           |    46 |    85 |   274 ||   405
       Kick              |     9 |    12 |    46 ||    67
       Constrict         |    12 |    16 |    57 ||    85
       Tentacles         |    10 |    12 |    40 ||    62
       Punch             |       |       |     8 ||     8
Throw: Stone             |     6 |       |       ||     6
       Boomerang         |     3 |     2 |     8 ||    13
 Cast: Beastly Appendage |    10 |    11 |    37 ||    58
       Wereblood         |       |     4 |    19 ||    23
       Spider Form       |       |       |     7 ||     7
       Ice Form          |       |       |     5 ||     5
  Use: Scroll            |     1 |     4 |    15 ||    20
       Potion            |       |       |     1 ||     1
 Stab: Sleeping          |     6 |     4 |    10 ||    20
       Distracted        |       |       |     1 ||     1
Armor: Skin              |     3 |     3 |    14 ||    20
Dodge: Dodged            |    18 |    44 |   151 ||   213

Table legend: (Time is in decaauts)
 A = Elapsed time spent in this place.
 B = Non-inter-level travel time spent in this place.
 C = Inter-level travel time spent in this place.
 D = Time resting spent in this place.
 E = Time spent auto-exploring this place.
 F = Levels seen in this place.
 G = Mean time per level.
                   A        B        C        D        E       F      G
               +--------+--------+--------+--------+--------+-----+--------+
         Total |   5614 |   5216 |    398 |    472 |   3513 |   8 |  701.8 |
       Dungeon |   5548 |   5167 |    381 |    472 |   3467 |   7 |  792.6 |
        Temple |     65 |     48 |     17 |      0 |     46 |   1 |   65.0 |
               +--------+--------+--------+--------+--------+-----+--------+

Top non-repeatable levels by time:
     D:4: 1207 daAuts
     D:5: 976 daAuts
     D:6: 885 daAuts
     D:2: 824 daAuts
     D:1: 771 daAuts
     D:3: 594 daAuts
     D:7: 289 daAuts
  Temple: 65 daAuts
